 Dungeon Crawl Stone Soup version 0.16-a0-3749-g20dbed2 (webtiles) character file.

30 Luckoftehdraw the Covered (level 3, 0/23 HPs)
             Began as a Gargoyle Fighter on Jan 23, 2015.
             Slain by an ice beast (16 damage)
             ... on level 3 of the Dungeon.
             The game lasted 00:05:39 (1218 turns).

Luckoftehdraw the Covered (Gargoyle Fighter)        Turns: 1218, Time: 00:05:39

Health: 0/23       AC: 10    Str: 20    XL:     3   Next: 20%
Magic:  3/3        EV:  7    Int:  8    God:
Gold:   47         SH:  9    Dex:  9    Spells: 0 memorised, 2 levels left

rFire  + . .     SeeInvis .     a - +0 flail
rCold  x . .     Clarity  .     b - +0 scale mail
rNeg   + . .     SustAb   .     c - +0 shield
rPois  ∞         Gourm    .     (no helmet)
rElec  +         Spirit   .     (no cloak)
rCorr  .         Warding  .     (no gloves)
rMut   .         Stasis   .     (no boots)
MR     .....                    (no amulet)
Stlth  ..........               (no ring)
                                v - ring of fire

@: not resistant to hostile enchantments, extremely unstealthy
A: negative energy resistance 1, electricity resistance, unbreathing,
petrification resistance, rot immunity, AC +3
a: no special abilities


You were on level 3 of the Dungeon.
You were not hungry.

You visited 1 branch of the dungeon, and saw 3 of its levels.

You collected 47 gold pieces.

Inventory:

Hand weapons
 a - a +0 flail (weapon)
 l - a +0 hunting sling
Missiles
 h - 33 bolts
 i - 20 arrows
 j - 18 arrows of flame
 p - 3 javelins (quivered)
 s - 19 sling bullets
Armour
 b - a +0 scale mail (worn)
 c - a +0 shield (worn)
Jewellery
 v - a ring of fire (left hand)
Scrolls
 f - 3 scrolls of remove curse {unknown}
 g - 4 scrolls of identify {unknown}
 k - a scroll of teleportation {unknown}
 q - a scroll of random uselessness {unknown}
 t - 2 scrolls of magic mapping {unknown}
 u - a scroll of fear {unknown}
Potions
 e - 3 potions of might
 m - a potion of cancellation {unknown}
 o - 2 potions of curing {unknown}
 r - 2 potions of heal wounds {unknown}
Comestibles
 d - 2 bread rations
 n - 3 fruits
 w - a meat ration
 x - a chunk of flesh


   Skills:
 + Level 3.4 Fighting
 + Level 2.0 Maces & Flails
 + Level 3.9 Armour
 - Level 0.5 Dodging
 + Level 0.2 Stealth
 + Level 3.6 Shields


You had 2 spell levels left.
You didn't know any spells.

Dungeon Overview and Level Annotations

Branches:
Dungeon (3/15)

Altars:


Innate Abilities, Weirdness & Mutations

You are resistant to torment.
You are immune to poison.
Your stone body is very resilient (AC +3).
You resist negative energy.
You are resistant to electric shocks.
You can survive without breathing.
You are immune to petrification.
You are immune to rotting.


Message History

The giant cockroach is almost dead.
You block the giant cockroach's attack. The giant cockroach barely misses you.
You hit the giant cockroach.
You kill the giant cockroach!
You see here a giant cockroach corpse.
You butcher the giant cockroach corpse.
x - a chunk of flesh
e - 3 potions of might (gained 1)
An ice beast comes into view.
Found a bread ration.
You hear the slow rusting of a distant drain.
The ice beast hits you but does no damage.
You hit the ice beast.
The ice beast is lightly wounded.
You block the ice beast's attack.
Your shield and scale mail prevent you from hitting the ice beast.
The ice beast is lightly wounded.
The ice beast hits you. The ice beast freezes you!
You feel a terrible chill!
Ouch! That really hurt!
You die...

# ..# ... #.# .%#
# #### #.###.##.#
...# ##.@Y....#
..###.###.#...#
#.#.## # . #.##
#.# # #.# .###.
#.#####......
##.##........<..#
#............#..#


You could see an ice beast.

Vanquished Creatures
  An ooze (D:3)
  An orc (D:3)
  3 giant cockroaches
  4 hobgoblins
  4 bats
  2 giant newts (D:1)
  3 goblins
  5 kobolds
  3 rats
26 creatures vanquished.

Notes
Turn   | Place    | Note
--------------------------------------------------------------
     0 | D:1      | Luckoftehdraw, the Gargoyle Fighter, began the quest for the Orb.
     0 | D:1      | Reached XP level 1. HP: 14/14 MP: 1/1
   328 | D:1      | Reached XP level 2. HP: 19/19 MP: 2/2
  1136 | D:3      | Reached XP level 3. HP: 19/23 MP: 3/3
  1214 | D:3      | Noticed an ice beast
  1218 | D:3      | Slain by an ice beast

Action                   || total
-------------------------++-------
Melee: Flail             ||    90
  Eat: Chunk             ||     1
